 Dungeon Crawl Stone Soup version 0.29-a0-542-g075992c915 (webtiles) character file.

Game seed: 13988205699596570636

73268 pokeman the Sorcerer (level 15, -1/84 HPs)
             Began as a Deep Elf Hedge Wizard on June 3, 2022.
             Was a High Priest of Vehumet.
             Shot with an arrow by Nessos (12 damage)
             ... on level 15 of the Dungeon on June 4, 2022.
             The game lasted 01:15:03 (27608 turns).

pokeman the Sorcerer (Deep Elf Hedge Wizard)       Turns: 27608, Time: 01:15:03

Health: -1/84      AC: 15    Str:  7    XL:     15   Next: 3%
Magic:  34/51      EV: 13    Int: 30    God:    Vehumet [*****.]
Gold:   1140       SH:  0    Dex: 14    Spells: 26/57 levels left

rFire   x . .      SeeInvis +   O - +7 shortbow of Ysip {venom, Int+3}
rCold   . . .      Faith    .   (shield currently unavailable)
rNeg    . . .      Spirit   .   M - +0 steam dragon scales
rPois   .          Reflect  .   V - +1 helmet "Ixedoph" {rF- rCorr Slay+3 SInv}
rElec   .          Harm     .   G - +2 cloak {rCorr}
rCorr   +          Rampage  .   (no gloves)
Will    +....                   x - +2 pair of boots
Stlth   ++........              (no amulet)
HPRegen 0.24/turn               v - +4 ring of slaying
MPRegen 0.32/turn               r - ring of magical power

@: lethally poisoned (-1 -> -57)
A: no striking features
a: Renounce Religion


You were on level 15 of the Dungeon.
You worshipped Vehumet.
Vehumet was extremely pleased with you.
You visited 3 branches of the dungeon, and saw 22 of its levels.
You also visited: Gauntlet.

You collected 1641 gold pieces.
You spent 501 gold pieces at shops.

Inventory:

Hand Weapons
 O - the +7 shortbow of Ysip (weapon) {venom, Int+3}
   (You bought it in a shop on level 6 of the Dungeon)

   Any ammunition fired from it poisons the flesh of those it strikes.
   Int:       It affects your intelligence (+3).
Armour
 k - the +3 leather armour "Loeniogh" {rF- rN+ Will+ Int+5}
   (You found it on level 3 of the Lair of Beasts)

   Int:       It affects your intelligence (+5).
   rF:        It makes you vulnerable to fire.
   rN:        It protects you from negative energy.
   Will:      It increases your willpower.
 x - a +2 pair of boots (worn)
 B - a +1 kite shield of reflection
 G - a +2 cloak of preservation (worn)
 M - +0 steam dragon scales (worn)
 Q - a +1 leather armour of cold resistance
 V - the +1 helmet "Ixedoph" (worn) {rF- rCorr Slay+3 SInv}
   (You found it in a Gauntlet)

   Slay:      It affects your accuracy & damage with ranged weapons and melee
   (+3).
   rF:        It makes you vulnerable to fire.
   SInv:      It lets you see invisible.
   rCorr:     It protects you from acid and corrosion.
 W - a scarf of resistance
Magical Staves
 f - a staff of cold
 D - a staff of death
Jewellery
 q - a ring of protection from cold
 r - a ring of magical power (right hand)
 s - a ring of poison resistance
 u - an amulet of reflection
 v - a +4 ring of slaying (left hand)
 P - a +6 ring of intelligence
Wands
 t - a wand of flame (16)
 F - a wand of paralysis (4)
 K - a wand of acid (9)
Scrolls
 c - 2 scrolls of fog
 h - 14 scrolls of teleportation
 j - a scroll of amnesia
 p - a scroll of enchant armour
 y - 3 scrolls of blinking
 z - a scroll of identify
 A - a scroll of fear
 R - 4 scrolls of magic mapping
Potions
 a - a potion of ambrosia
 b - 3 potions of might
 d - 2 potions of magic
 e - 2 potions of curing
 g - 2 potions of flight
 i - a potion of cancellation
 l - 2 potions of brilliance
 n - 3 potions of attraction
 o - 3 potions of haste
 w - 2 potions of invisibility
 C - 6 potions of heal wounds
 S - a potion of resistance
Miscellaneous
 m - a condenser vane


   Skills:
 + Level 6.2 Fighting
 - Level 8.0 Armour
 - Level 3.0 Dodging
 - Level 3.3 Stealth
 * Level 21.8 Spellcasting
 + Level 13.4 Conjurations
 - Level 1.1 Summonings
 + Level 9.0 Necromancy
 - Level 1.1 Translocations
 - Level 1.1 Transmutations
 - Level 10.0 Fire Magic
 - Level 1.3 Ice Magic
 - Level 1.2 Air Magic
 - Level 1.0 Poison Magic
 - Level 1.0 Evocations


You had 26 spell levels left.
You knew the following spells:

 Your Spells              Type           Power      Damage    Failure   Level
a - Magic Dart            Conj           100%       1d8       0%          1
b - Mephitic Cloud        Conj/Pois/Air  59%        N/A       1%          3
c - Call Imp              Summ           39%        N/A       1%          2
d - Blink                 Tloc           78%        N/A       1%          2
e - Conjure Flame         Conj/Fire      80%        6-21      1%          3
f - Fireball              Conj/Fire      40%        3d16      1%          5
g - Freezing Cloud        Conj/Ice/Air   29%        6-21      1%          5
h - Lightning Bolt        Conj/Air       33%        1d51      1%          5
i - Wereblood             Tmut           39%        N/A       1%          2
j - Swiftness             Air            40%        N/A       1%          3

Your spell library contained the following spells:

 Spells                   Type           Power      Damage    Failure   Level
 Beastly Appendage        Tmut           78%        N/A       1%          1
 Necrotize                Necr           100%       1d9       1%          1
 Slow                     Hex            100%       N/A       1%          1
 Ensorcelled Hibernation  Hex/Ice        72%        N/A       1%          2
 Passwall                 Tmut/Erth      30%        N/A       1%          2
 Ignite Poison            Fire/Tmut/Pois 54%        N/A       1%          3
 Spider Form              Tmut/Pois      39%        N/A       1%          3
 Vampiric Draining        Necr           72%        2d11      1%          3
 Airstrike                Air            20%        N/A       1%          4
 Sticky Flame             Conj/Fire      80%        2d9       1%          4
 Agony                    Necr           72%        N/A       1%          5
 Conjure Ball Lightning   Conj/Air       33%        3x3d11    2%          6
 Summon Lightning Spire   Summ/Air       39%        N/A       6%          4
 Petrify                  Tmut/Erth      36%        N/A       9%          4
 Manifold Assault         Tloc           39%        N/A       19%         5
 Metabolic Englaciation   Hex/Ice        18%        N/A       22%         5
 Statue Form              Tmut/Erth      24%        N/A       77%         6
 Storm Form               Tmut/Air       19%        N/A       99%         7
 Discord                  Hex            16%        N/A       100%        8
 Disjunction              Tloc           19%        N/A       100%        8


Dungeon Overview and Level Annotations

Branches:
Dungeon (15/15)            Temple (1/1) D:7            Lair (6/6) D:8
  Swamp (0/4) Lair:4       Spider (0/4) Lair:3        Slime (0/5) Lair:6
    Orc (0/2) D:10         Vaults (0/5) D:14        Gauntlet (visited)
 Depths: D:15

Altars:
Cheibriados
Dithmenos
Elyvilon
Fedhas
Gozag
Hepliaklqana
Kikubaaqudgha
Nemelex Xobeh
Okawaru
Qazlal
Ru
Sif Muna
Trog
Vehumet
Xom
Yredelemnul
Zin
Jiyva

Shops:
D:4 (   D:5 [   D:6 (   D:10 *   D:11 !

Annotations:
D:8 2 transporters, spiderkeys's ghost, novice BaAK
D:13 3 runed translucent doors, exclusion: orange crystal statue, Daste's ghost, journeyman OpIE
D:15 Nessos


Message History

You hear a horrible gurgling sound! x3; You hear a shout!
Nessos is engulfed in freezing vapours. x2
Nessos says, "Study your classics!"
Nessos mumbles some strange words.
Nessos seems to speed up.
A cyan ugly thing comes into view.
The cyan ugly thing basks in the mutagenic energy from its kin and changes!
Casting: Fireball (safe; 1% risk of failure)
Confirm with . or Enter, or press ? or * to list all spells.
Aiming: Fireball (safe; 1% risk of failure)
Press: ? - help, Shift-Dir - straight line, p - cyan ugly thing The fireball explodes!
The fireball engulfs the cyan ugly thing!!
You kill the cyan ugly thing!
Vehumet accepts your kill.
You feel your power returning.
You feel very sick.
Nessos is engulfed in freezing vapours.
Nessos shoots an arrow.
The arrow hits you! The arrow burns you!
You are more poisoned.
A rime drake comes into view.
Nessos is engulfed in freezing vapours.
Casting: Fireball (safe; 1% risk of failure)
Confirm with . or Enter, or press ? or * to list all spells.
Aiming: Fireball (safe; 1% risk of failure)
Press: ? - help, Shift-Dir - straight line
Okay, then.
Unknown command.
Unknown command.
* * * LOW HITPOINT WARNING * * *
You feel extremely sick.
Nessos is engulfed in freezing vapours.
Nessos shoots an arrow.
The arrow hits you!
* * * LOW HITPOINT WARNING * * *
The arrow burns you.
You are more poisoned.
* * * LOW HITPOINT WARNING * * *
Nessos is engulfed in freezing vapours.
Nessos shoots an arrow.
The arrow hits you!
You die...

......u
..$....
....... ##
......u .##
.......##...
........#u#
.........#
.......@#
........#
k........
....C....#
..§§.#...#
.§§§c#....
).§§ ...##
##§§ #..#


You could see Nessos (fast), 3 ugly things, a cyclops and a rime drake
(wandering).

Vanquished Creatures
  A minotaur (Gauntlet)
  Snorg (Lair:4)
  9 hydras
  A vault guard (D:14)
  4 boulder beetles
  A two-headed ogre (D:8)
  2 centaur warriors (D:13)
  4 catoblepae
  Erica (Lair:1)
  The ghost of Hubjo the Summoner, a journeyman DEFE of Sif Muna (Lair:3)
  13 death yaks (Lair:6)
  2 tengu warriors (D:14)
  A fire crab (shapeshifter) (D:14)
  2 ugly things
  An oklob plant (Lair:3)
  A deep elf pyromancer (D:13)
  5 manticores
  A will-o-the-wisp (Lair:4)
  3 cyclopes
  A worldbinder (Gauntlet)
  An ice statue (Lair:3)
  Joseph (D:7)
  13 black mambas
  A black mamba (shapeshifter) (D:14)
  Maurice (D:11)
  14 cane toads
  2 unseen horrors (D:12)
  2 gargoyles (D:14)
  A torpor snail (Lair:3)
  A smoke demon (Gauntlet)
  3 komodo dragons
  Maggie (D:7)
  4 rime drakes
  An ice devil (Gauntlet)
  A red devil (Gauntlet)
  7 trolls
  2 polar bears (Lair:3)
  2 hornets
  6 slime creatures
  8 blink frogs
  4 dream sheep
  2 shadows
  A spriggan (Lair:2)
  3 wraiths
  77 yaks
  4 wyverns
  10 humans (D:14)
  2 steam dragons
  5 vampire mosquitoes (D:12)
  3 basilisks
  19 water moccasins
  8 orc warriors
  2 sky beasts (D:6)
  3 ogres
  26 wolves
  7 centaurs
  A boggart (Gauntlet)
  2 kobold brigands
  10 bullfrogs
  A necrophage (D:5)
  2 gnoll sergeants
  A scorpion (D:7)
  7 wights
  11 killer bees
  10 howler monkeys
  A vampire bat (D:3)
  2 electric eels
  4 crimson imps (Gauntlet)
  A hound (D:7)
  9 orc priests
  4 jellies
  Crazy Yiuf (D:6)
  A gnoll shaman (D:6)
  2 iguanas (D:4)
  2 orc wizards
  A mummy (D:5)
  Robin (D:2)
  An adder (D:4)
  14 gnolls
  4 white imps (Gauntlet)
  A worm (D:2)
  A dart slug (D:1)
  25 orcs
  A bat skeleton (D:3)
  6 bat zombies (D:3)
  7 endoplasms
  5 giant cockroaches
  11 goblins
  14 hobgoblins
  6 quokkas
  8 ball pythons
  6 bats
  5 frilled lizards
  2 hobgoblin zombies (D:5)
  10 kobolds
  2 kobold zombies (D:5)
  5 rats
511 creatures vanquished.

Vanquished Creatures (collateral kills)
  A water moccasin (D:5)
  3 gnolls
  4 hobgoblins (D:2)
  2 goblins (D:2)
10 creatures vanquished.

Vanquished Creatures (others)
  A vault guard (D:14)
  2 foxfires (Lair:4)
  21 fungi
  17 plants
41 creatures vanquished.

Grand Total: 562 creatures vanquished

Notes
Turn   | Place    | Note
-------+----------+-------------------------------------------
     0 | D:1      | pokeman the Deep Elf Hedge Wizard began the quest for the
                  | Orb.
     0 | D:1      | Reached XP level 1. HP: 10/10 MP: 7/7
   428 | D:1      | Reached XP level 2. HP: 15/15 MP: 4/9
   699 | D:1      | Found a faded altar of an unknown god.
  1269 | D:2      | Reached skill level 5 in Spellcasting
  1425 | D:2      | Reached XP level 3. HP: 20/20 MP: 8/11
  1429 | D:2      | Learned a level 3 spell: Mephitic Cloud
  1432 | D:2      | Learned a level 2 spell: Call Imp
  1435 | D:2      | Learned a level 2 spell: Blink
  1439 | D:2      | Learned a level 3 spell: Conjure Flame
  1921 | D:2      | Noticed Robin
  1942 | D:2      | Killed Robin
  1943 | D:2      | Reached skill level 1 in Fighting
  1943 | D:2      | Reached skill level 1 in Armour
  2736 | D:3      | Found a sacrificial altar of Ru.
  2882 | D:3      | Reached XP level 4. HP: 25/25 MP: 9/13
  3447 | D:3      | Found an ancient bone altar of Kikubaaqudgha.
  3627 | D:4      | Noticed a wyvern
  3797 | D:4      | Reached skill level 6 in Spellcasting
  3797 | D:4      | Reached XP level 5. HP: 24/29 MP: 0/15
  4392 | D:4      | Killed a wyvern
  4393 | D:4      | Reached skill level 1 in Necromancy
  4393 | D:4      | Reached XP level 6. HP: 25/34 MP: 13/17
  4609 | D:4      | Found Mosa's Weapon Shoppe.
  4685 | D:4      | Found a hazy altar of Hepliaklqana.
  4993 | D:4      | Learned a level 2 spell: Wereblood
  5009 | D:5      | Entered Level 5 of the Dungeon
  5066 | D:5      | Reached skill level 7 in Spellcasting
  5197 | D:5      | Reached skill level 1 in Fire Magic
  5396 | D:5      | Reached XP level 7. HP: 16/38 MP: 11/20
  6007 | D:5      | Found Afourike's Antique Armour Boutique.
  6015 | D:5      | Bought a runed helmet for 157 gold pieces
  6058 | D:5      | Found a white marble altar of Elyvilon.
  6108 | D:5      | Reached skill level 8 in Spellcasting
  6108 | D:5      | Reached skill level 1 in Evocations
  6553 | D:6      | Reached skill level 1 in Air Magic
  6685 | D:6      | Found a runed translucent door.
  6686 | D:6      | Noticed Crazy Yiuf
  6717 | D:6      | Killed Crazy Yiuf
  6830 | D:6      | Reached skill level 1 in Poison Magic
  6840 | D:6      | Found Neghoo Sypi's Antique Weapon Shoppe.
  6905 | D:6      | Reached skill level 1 in Transmutations
  7120 | D:6      | Noticed a hornet
  7134 | D:6      | Killed a hornet
  7135 | D:6      | Reached skill level 9 in Spellcasting
  7135 | D:6      | Reached XP level 8. HP: 44/44 MP: 16/23
  7378 | D:6      | Found a sparkling altar of Nemelex Xobeh.
  7379 | D:6      | Found a basalt altar of Yredelemnul.
  7451 | D:6      | Reached skill level 5 in Conjurations
  7619 | D:6      | Found a radiant altar of Vehumet.
  7626 | D:6      | Became a worshipper of Vehumet
  7758 | D:7      | Reached skill level 10 in Spellcasting
  8131 | D:7      | Reached XP level 9. HP: 48/48 MP: 21/25
  8191 | D:7      | Found a staircase to the Ecumenical Temple.
  8193 | D:7      | Found a glowing silver altar of Zin.
  8343 | D:7      | Noticed Maggie
  8364 | D:7      | Killed Maggie
  8365 | D:7      | Reached skill level 11 in Spellcasting
  8389 | D:7      | Learned a level 5 spell: Freezing Cloud
  8449 | D:7      | Noticed Joseph
  8502 | D:7      | Killed Joseph
  8503 | D:7      | Reached skill level 1 in Ice Magic
  9076 | D:8      | Reached skill level 12 in Spellcasting
  9127 | D:8      | Noticed a two-headed ogre
  9140 | D:8      | Killed a two-headed ogre
  9141 | D:8      | Reached skill level 5 in Fire Magic
  9141 | D:8      | Reached XP level 10. HP: 56/56 MP: 12/28
  9382 | D:8      | Found a staircase to the Lair.
  9474 | D:6      | Bought a pitted shortbow for 240 gold pieces
  9474 | D:6      | Identified the +7 shortbow of Ysip {venom, Int+3} (You
                  | bought it in a shop on level 6 of the Dungeon)
  9710 | D:8      | Reached * piety under Vehumet
  9710 | D:8      | Offered knowledge of Foxfire by Vehumet.
  9717 | D:8      | Reached skill level 13 in Spellcasting
  9808 | D:8      | Noticed a two-headed ogre
  9809 | D:8      | Found a transporter.
  9809 | D:8      | Noticed a moth of wrath
  9810 | D:8      | Noticed spiderkeys's ghost (novice BaAK)
  9812 | D:8      | Found a bloodstained altar of Trog.
  9828 | D:8      | Found a transporter.
  9893 | D:8      | Found a blossoming altar of Fedhas.
 10191 | D:9      | Reached skill level 14 in Spellcasting
 10907 | D:9      | Found a shimmering blue altar of Sif Muna.
 11018 | D:9      | Reached XP level 11. HP: 41/61 MP: 31/31
 11287 | D:10     | Entered Level 10 of the Dungeon
 11287 | D:10     | Found a bloodstained altar of Trog.
 11391 | D:10     | Found Hualostri's Neck Hole.
 11416 | D:10     | Reached ** piety under Vehumet
 11416 | D:10     | Offered knowledge of Poisonous Vapours by Vehumet.
 11424 | D:10     | Reached skill level 5 in Necromancy
 11862 | D:10     | Found an iron altar of Okawaru.
 11900 | D:10     | Reached skill level 15 in Spellcasting
 11925 | D:10     | Offered knowledge of Static Discharge by Vehumet.
 12061 | D:10     | Found a staircase to the Orcish Mines.
 12332 | D:11     | Noticed a six-headed hydra
 12349 | D:11     | Killed a six-headed hydra
 12350 | D:11     | Reached skill level 5 in Armour
 12555 | D:11     | Noticed Maurice
 12561 | D:11     | Killed Maurice
 12580 | D:11     | Found Dufu's Distillery.
 12589 | D:11     | Bought a potion of curing for 39 gold pieces
 12589 | D:11     | Bought a potion of heal wounds for 65 gold pieces
 12674 | D:11     | Noticed a seven-headed hydra
 12684 | D:11     | Killed a seven-headed hydra
 12858 | D:11     | Noticed a five-headed hydra
 12895 | D:11     | Reached *** piety under Vehumet
 12901 | D:11     | Killed a five-headed hydra
 13271 | D:11     | Noticed an eight-headed hydra
 13277 | D:11     | Killed an eight-headed hydra
 13278 | D:11     | Reached skill level 16 in Spellcasting
 13934 | D:12     | Offered knowledge of Iskenderun's Mystic Blast by Vehumet.
 14032 | D:12     | Noticed a cyan ugly thing
 14038 | D:12     | Killed a cyan ugly thing
 14039 | D:12     | Reached XP level 12. HP: 44/68 MP: 34/34
 14286 | D:12     | Reached skill level 5 in Fighting
 14434 | D:12     | Learned a level 5 spell: Lightning Bolt
 14690 | D:13     | Found a runed translucent gate.
 14690 | D:13     | Found a runed translucent gate.
 14694 | D:13     | Found a runed translucent gate.
 14696 | D:13     | Noticed Daste's ghost (journeyman OpIE)
 14719 | D:13     | Reached skill level 10 in Conjurations
 14798 | D:13     | Noticed a centaur warrior
 14802 | D:13     | Noticed a centaur warrior
 14802 | D:13     | Noticed an eight-headed hydra
 14802 | D:13     | Killed a centaur warrior
 15114 | D:13     | Reached skill level 17 in Spellcasting
 15246 | D:13     | Killed an eight-headed hydra
 15680 | D:13     | Killed a centaur warrior
 16402 | Lair:1   | Entered Level 1 of the Lair of Beasts
 16490 | Lair:1   | Noticed a six-headed hydra
 16493 | Lair:1   | Killed a six-headed hydra
 16824 | Lair:1   | Reached **** piety under Vehumet
 16876 | Lair:1   | Reached skill level 18 in Spellcasting
 16975 | Lair:1   | Noticed Erica
 16980 | Lair:1   | Offered knowledge of Fireball by Vehumet.
 16985 | Lair:1   | Killed Erica
 17770 | Lair:2   | Found a gate leading to a gauntlet.
 17777 | Gauntlet | Entered a Gauntlet
 17777 | Gauntlet | Found a transporter.
 17777 | Gauntlet | Found a transporter.
 17777 | Gauntlet | Found a transporter.
 17793 | Gauntlet | Found a transporter.
 17797 | Gauntlet | Found a transporter.
 17806 | Gauntlet | Learned a level 5 spell: Fireball
 17810 | Gauntlet | Learned a level 3 spell: Swiftness
 17820 | Gauntlet | Found a transporter.
 17872 | Gauntlet | Found a transporter.
 17888 | Gauntlet | Found a transporter.
 17902 | Gauntlet | Found a transporter.
 17904 | Gauntlet | Found a large runed translucent door.
 17905 | Gauntlet | Found a large runed translucent door.
 17906 | Gauntlet | Found a large runed translucent door.
 17906 | Gauntlet | Found a large runed translucent door.
 17906 | Gauntlet | Found a runed translucent door.
 17906 | Gauntlet | Found a runed translucent door.
 17907 | Gauntlet | Found a large runed translucent door.
 17907 | Gauntlet | Found a large runed translucent door.
 17907 | Gauntlet | Found a large runed translucent door.
 17907 | Gauntlet | Found a large runed translucent door.
 17908 | Gauntlet | Found a large runed translucent door.
 17909 | Gauntlet | Found a large runed translucent door.
 17910 | Gauntlet | Found a large runed translucent door.
 17910 | Gauntlet | Found a large runed translucent door.
 17911 | Gauntlet | Found a large runed translucent door.
 17911 | Gauntlet | Found a large runed translucent door.
 17911 | Gauntlet | Found a large runed translucent door.
 17913 | Gauntlet | Found a runed translucent gate.
 17913 | Gauntlet | Found a runed translucent gate.
 17913 | Gauntlet | Found a runed translucent gate.
 17915 | Gauntlet | Found a transporter.
 17926 | Gauntlet | Found a large runed translucent door.
 17930 | Gauntlet | Found a transporter.
 17936 | Gauntlet | Found a transporter.
 18016 | Gauntlet | Reached XP level 13. HP: 50/74 MP: 37/37
 18269 | Gauntlet | Identified the +1 helmet "Ixedoph" {rF- rCorr Slay+3 SInv}
 18575 | Gauntlet | Noticed a minotaur
 18585 | Gauntlet | Killed a minotaur
 18875 | Temple   | Entered the Ecumenical Temple
 19020 | Lair:2   | Reached ***** piety under Vehumet
 19020 | Lair:2   | Offered knowledge of Spellforged Servitor by Vehumet.
 20194 | Lair:2   | Reached skill level 19 in Spellcasting
 20314 | Lair:3   | Noticed Hubjo's ghost (journeyman DEFE)
 20806 | Lair:3   | Found a transporter.
 20829 | Lair:3   | Found a transporter.
 20922 | Lair:3   | Identified the +3 leather armour "Loeniogh" {rF- rN+ Will+
                  | Int+5}
 21109 | Lair:3   | Found a hole to the Spider Nest.
 22165 | Lair:4   | Noticed Snorg
 22173 | Lair:4   | Killed Snorg
 22517 | Lair:4   | Found a staircase to the Swamp.
 23154 | Lair:5   | Reached skill level 20 in Spellcasting
 23523 | Lair:5   | Identified the +4 scale mail of a bazaar {rN+ Int-3 Dex+2}
 23724 | Lair:6   | Entered Level 6 of the Lair of Beasts
 23730 | Lair:6   | Reached XP level 14. HP: 80/80 MP: 24/40
 23839 | Lair:6   | Reached skill level 10 in Fire Magic
 23938 | Lair:6   | Offered knowledge of Conjure Ball Lightning by Vehumet.
 24518 | Lair:6   | Found a viscous altar of Jiyva.
 24520 | Lair:6   | Found a staircase to the Slime Pits.
 24965 | Lair:6   | Reached skill level 21 in Spellcasting
 25802 | Lair:3   | Killed Hubjo's ghost
 26810 | D:14     | Found a shadowy altar of Dithmenos.
 26963 | D:14     | Found a gate to the Vaults.
 27388 | D:14     | Reached XP level 15. HP: 84/84 MP: 31/42
 27603 | D:15     | Entered Level 15 of the Dungeon
 27603 | D:15     | Noticed Nessos
 27608 | D:15     | Shot with an arrow by Nessos

Illustrated notes

Levels and vault maps discovered:
D:1:      amcnicky_arrival_abandoned_market, layout_basic,
          shapermc_ecumenical_altar_flowoftime
D:2:      layout_loops_ring, uniq_robin
D:3:      layout_loops_ring, nicolae_ru_the_path_less_chosen,
          kennysheep_vampire_church, st_stairs_8
D:4:      layout_rooms, general_overflow_altar, serial_shops,
          kennysheep_mini_moat, minmay_strange_pillars
D:5:      layout_basic, elyvilon_altar_1, serial_shops, nicolae_shop_crystal,
          minmay_mini_ossuary
D:6:      layout_rooms, gammafunk_temple_overflow_pools, vehumet_altar_wand_db,
          serial_shops, nicolae_shop_waterfront,
          nicolae_elevator_lobby_asterisk, uniq_crazy_yiuf_cottage
D:7:      hellmonk_destroyed_diamonds, layout_basic,
          mainiacjoe_overflow_24_doors, kennysheep_generic_room_12, uniq_maggie,
          uniq_joseph
D:8:      layout_basic, fedhas_altar_fruit_tree, lair_entry_dummy,
          gammafunk_ghost_wrathful_warriors
D:9:      layout_cave_pools, mainiacjoe_overflow_six_doors_small
D:10:     layout_cave_pools, okawaru_altar_gauntlet_db,
          mainiacjoe_overflow_catwalk, erik_orc_3,
          nicolae_shop_sticking_my_neck_out
D:11:     layout_grid_maze, serial_shops, nicolae_lakefront_shop,
          kennysheep_generic_room_16, uniq_maurice
D:12:     layout_rooms
D:13:     layout_basic, gammafunk_ghost_necromancy, nicolae_wwwww, minivault_16
D:14:     layout_irregular_city, ximxim_vaults_locker_room,
          grunt_dithmenos_shadows
D:15:     grunt_enter_depths_giant_problem, layout_cave_pools, uniq_nessos
Temple:   compressed_dpeg_circular_temple
Lair:1:   layout_regular_city, minivault_23, guppyfry_lair_drakes,
          lemuel_fruit_tree, grunt_megastairs_4, serial_bayou_shore_a,
          uniq_erica
Lair:2:   layout_loops_ring, gauntlet_entry_generic,
          grunt_forest_large_clearings
Lair:3:   layout_gridlike, dummy_spider_entry, nzn_ghost_randoct
Lair:4:   layout_cave_pods, minmay_swamp_entry_wisps, infiniplex_staircase_pool,
          uniq_snorg
Lair:5:   layout_cellular_growth, nzn_sisyphean_effort
Lair:6:   evilmike_catoblepas_cave, layout_cave_pods, slime_altar_1,
          nicolae_quartered_pool_impasse, infiniplex_staircase_pool_2

Skill      XL: |  1  2  3  4  5  6  7  8  9 10 11 12 13 14 |
---------------+-------------------------------------------+-----
Spellcasting   | 5 6 7 9 10 12 14 16 18 20 21 | 21.8
Fighting       | 1 2 3 4 6 |  6.2
Armour         | 1 2 3 4 5 6 8 |  8.0
Conjurations   | 2 3 4 5 7 8 9 11 12 13 | 13.4
Dodging        | 3 |  3.0
Necromancy     | 1 2 4 7 9 |  9.0
Stealth        | 3 |  3.3
Fire Magic     | 1 3 5 6 7 9 10 | 10.0
Evocations     | 1 |  1.0
Air Magic      | 1 |  1.2
Poison Magic   | 1 |  1.0
Transmutations | 1 |  1.1
Ice Magic      | 1 |  1.3
Summonings     | |  1.1
Translocations | |  1.1

Action                   |  1- 3 |  4- 6 |  7- 9 | 10-12 | 13-15 || total
-------------------------+-------+-------+-------+-------+-------++-------
Melee: Dagger            |       |    11 |    54 |       |       ||    65
       Punch             |       |       |     1 |       |       ||     1
       War axe           |       |       |    13 |    24 |       ||    37
 Fire: Shortbow          |       |       |       |   378 |   115 ||   493
 Cast: Magic Dart        |   106 |   125 |   101 |     3 |       ||   335
       Call Imp          |     2 |       |     7 |     4 |       ||    13
       Mephitic Cloud    |       |     6 |    19 |    29 |     6 ||    60
       Conjure Flame     |       |     4 |    19 |    18 |       ||    41
       Blink             |       |     2 |     4 |     5 |     5 ||    16
       Freezing Cloud    |       |       |       |    35 |    26 ||    61
       Wereblood         |       |       |       |     2 |     6 ||     8
       Lightning Bolt    |       |       |       |     8 |    41 ||    49
       Fireball          |       |       |       |       |   199 ||   199
       Swiftness         |       |       |       |       |     1 ||     1
  Use: Scroll            |       |       |       |    19 |     8 ||    27
       Potion            |       |       |       |     1 |       ||     1
 Stab: Confused          |       |     1 |     6 |     1 |       ||     8
Armor: Leather armour    |     1 |    31 |    17 |       |       ||    49
       Robe              |     1 |       |       |       |       ||     1
       Steam dragon scal |       |       |     2 |    87 |    53 ||   142
Dodge: Dodged            |     5 |    58 |    36 |   134 |    67 ||   300

Table legend: (Time is in decaauts)
 A = Elapsed time spent in this place.
 B = Non-inter-level travel time spent in this place.
 C = Inter-level travel time spent in this place.
 D = Time resting spent in this place.
 E = Time spent auto-exploring this place.
 F = Levels seen in this place.
 G = Mean time per level.
                   A        B        C        D        E       F      G
               +--------+--------+--------+--------+--------+-----+--------+
         Total |  27915 |  26624 |   1291 |   3329 |  19311 |  23 | 1213.7 |
       Dungeon |  18349 |  17463 |    886 |   2015 |  12847 |  15 | 1223.3 |
        Temple |     36 |     34 |      2 |      0 |      0 |   1 |   36.0 |
          Lair |   8596 |   8195 |    401 |   1162 |   6104 |   6 | 1432.7 |
      Gauntlet |    933 |    933 |      0 |    152 |    359 |   1 |  933.0 |
               +--------+--------+--------+--------+--------+-----+--------+

Top non-repeatable levels by time:
  Lair:6: 1757 daAuts
  Lair:3: 1625 daAuts
     D:5: 1524 daAuts
     D:3: 1513 daAuts
    D:12: 1465 daAuts
  Lair:1: 1442 daAuts
    D:14: 1430 daAuts
     D:8: 1430 daAuts
  Lair:2: 1373 daAuts
     D:7: 1366 daAuts
    D:11: 1345 daAuts
    D:13: 1334 daAuts
     D:6: 1317 daAuts
     D:1: 1252 daAuts
     D:2: 1238 daAuts
